 Dungeon Crawl Stone Soup version 0.20-a0-950-g92a50c4 (webtiles) character file.

26454 Firecrotchwizard the Severer (level 12, 0/112 HPs)
             Began as a Minotaur Berserker on Apr 4, 2017.
             Was a High Priest of Trog.
             Slain by an eight-headed hydra (1 damage)
             ... on level 5 of the Lair of Beasts.
             The game lasted 00:30:35 (15569 turns).

Firecrotchwizard the Severer (Minotaur Berserker)  Turns: 15569, Time: 00:30:36

Health: 0/112      AC: 22    Str: 21    XL:     12   Next: 98%
Magic:  3/3        EV: 13    Int:  4    God:    Trog [*****.]
Gold:   1049       SH:  0    Dex: 16    Spells: 11/11 levels left

rFire    . . .     SeeInvis .   u - +0 executioner's axe (antimagic)
rCold    . . .     Gourm    .   (shield currently unavailable)
rNeg     . . .     Faith    +   I - +0 plate armour
rPois    +         Spirit   .   (helmet restricted)
rElec    .         Reflect  .   r - +1 cloak {rPois}
rCorr    .         Harm     .   x - +1 pair of gloves
MR       .....                  (no boots)
Stlth    ..........             B - amulet of faith
Regen    0.3/turn               T - +2 ring of protection
MPRegen  0.1/turn               b - ring of poison resistance

@: no status effects
A: retaliatory headbutt, horns 2
a: Berserk, Trog's Hand, Brothers in Arms, Burn Spellbooks, Renounce Religion


You were on level 5 of the Lair of Beasts.
You worshipped Trog.
Trog was extremely pleased with you.
You were not hungry.

You visited 2 branches of the dungeon, and saw 16 of its levels.

You collected 1049 gold pieces.

Inventory:

Hand Weapons
 l - a +0 battleaxe
 u - a +0 antimagic executioner's axe (weapon)
Missiles
 D - 12 javelins of returning
 N - 9 poisoned javelins (quivered)
Armour
 r - a +1 cloak of poison resistance (worn)
 x - a +1 pair of gloves (worn)
 I - a +0 plate armour (worn)
Jewellery
 b - a ring of poison resistance (right hand)
 y - a +3 ring of dexterity
 z - an uncursed ring of ice
 B - an amulet of faith (around neck)
 T - a +2 ring of protection (left hand)
 W - an uncursed ring of positive energy
Wands
 a - a wand of flame (23/48)
 j - a wand of disintegration (15/24)
Scrolls
 e - 9 scrolls of identify
 f - 3 scrolls of recharging
 k - 4 scrolls of fear
 m - a scroll of blinking
 p - 6 scrolls of magic mapping
 q - 5 scrolls of remove curse
 L - 2 scrolls of teleportation
Potions
 d - 2 potions of magic {unknown}
 h - 2 potions of flight
 i - 2 potions of brilliance
 n - 3 potions of ambrosia
 o - 6 potions of haste
 s - 5 potions of agility
 v - a potion of cancellation {unknown}
 w - 4 potions of curing
 J - a potion of resistance {unknown}
 O - a potion of heal wounds {unknown}
 R - a potion of mutation {unknown}
 Y - 2 potions of degeneration {unknown}
Comestibles
 c - 9 bread rations
 g - 6 royal jellies
 t - 3 meat rations
 P - 5 fruits


   Skills:
 + Level 12.1 Fighting
 * Level 15.4 Axes
 - Level 5.0 Throwing
 + Level 11.9 Armour
 + Level 10.8 Dodging


You had 11 spell levels left.
You didn't know any spells.

Dungeon Overview and Level Annotations

Branches:
Dungeon (11/15)            Temple (0/1) D:6            Lair (5/6) D:8
  Swamp (0/4) Lair:2       Spider (0/4) Lair:3          Orc (0/2) D:11
  Slime: Lair:5-6

Altars:
Ashenzari
Cheibriados
Dithmenos
Fedhas
Gozag
Hepliaklqana
Makhleb
Qazlal
Ru
Uskayaw
Yredelemnul
Zin

Shops:
D:4 *

Annotations:
D:3 exclusion: orc wizard


Innate Abilities, Weirdness & Mutations

You reflexively headbutt those who attack you in melee.
You have a pair of horns on your head.


Message History

The nine-headed hydra bites you but does no damage. x2
The nine-headed hydra closely misses you.
The nine-headed hydra bites you.
* * * LOW HITPOINT WARNING * * *
The nine-headed hydra bites you.
* * * LOW HITPOINT WARNING * * *
The nine-headed hydra bites you but does no damage.
The nine-headed hydra closely misses you.
The nine-headed hydra barely misses you.
The nine-headed hydra completely misses you.
The blink frog closely misses you. You furiously retaliate!
You headbutt the blink frog!
You kill the blink frog!
Trog accepts your kill.
The blink frog hits you but does no damage.
The eight-headed hydra closely misses you.
You furiously retaliate!
You headbutt the eight-headed hydra!
The eight-headed hydra bites you but does no damage.
The eight-headed hydra bites you.
You die...

. ## .....
...########.# ..8.. ##
#......<...#
.......#.##.##......##
8...8. ........#....##
......# ........#....##
..8....##......#.....P#
..Y..................##
#Y@F..###.#.>...#
#.....#DD......F.P.###
..... ##..$..>...###
........#......#.P#
......#D....####.##
.........(.#.. ..# .
.............### .
......P....
.....P..D....


You could see a nine-headed hydra, an eight-headed hydra, 2 yaks and a blink
frog.

Vanquished Creatures
  Fannar (Lair:2)
  A two-headed ogre (D:8)
  Urug (Lair:2)
  Sonja (Lair:1)
  Nergalle (Lair:1)
  Pikel (D:7)
  A cyclops (D:11)
  5 spiny frogs
  A black mamba (Lair:3)
  11 komodo dragons
  2 trolls
  A hornet (D:8)
  3 slime creatures (D:9)
  5 hippogriffs
  10 blink frogs
  4 basilisks
  A wraith (D:11)
  A vampire (D:9)
  5 wyverns
  A hungry ghost (D:9)
  11 yaks
  Grum (Lair:1)
  A steam dragon (Lair:4)
  A warg (D:11)
  7 water moccasins
  10 porcupines
  3 sky beasts
  4 orc warriors
  A slave (D:7)
  A black bear (D:9)
  A swamp drake (D:8)
  4 ice beasts
  2 necrophages
  An eye of draining (D:11)
  2 phantoms (D:7)
  7 wolves
  3 centaurs
  10 crocodiles
  A big kobold (D:9)
  14 bullfrogs
  A wyvern skeleton (D:10)
  A scorpion (D:9)
  5 killer bees (D:9)
  4 wights (D:10)
  5 howler monkeys
  5 crimson imps
  A centaur zombie (D:5)
  2 bullfrog zombies
  A lava snake (D:9)
  A quasit (D:7)
  Crazy Yiuf (D:2)
  5 hounds
  A jelly (D:9)
  6 orc priests
  11 orc wizards
  A bullfrog skeleton (D:9)
  A centaur skeleton (D:6)
  An iguana (D:10)
  6 hell rats (Lair:3)
  6 worker ants
  2 hound zombies
  3 worker ant zombies
  13 adders
  3 shadow imps
  An ooze (D:1)
  An adder skeleton (D:8)
  5 worms
  2 dart slugs
  3 leopard geckos
  28 orcs
  3 giant cockroaches
  7 hobgoblins
  10 jackals
  15 kobolds
  2 quokkas
  A ball python (D:3)
  11 bats
  5 frilled lizards
  4 goblins
  2 leopard gecko skeletons
  A quokka skeleton (D:6)
  A quokka zombie (D:5)
  5 rats
335 creatures vanquished.

Vanquished Creatures (collateral kills)
  The ghost of nebgrebaes the Spear-Bearer, a journeyman MfGl of Okawaru (D:10)
  3 hydras
  A komodo dragon (Lair:3)
  A hippogriff (D:10)
  A porcupine (Lair:5)
7 creatures vanquished.

Vanquished Creatures (others)
  A leopard gecko (D:7)
  An orc (D:11)
  3 fungi
5 creatures vanquished.

Grand Total: 347 creatures vanquished

Notes
Turn   | Place    | Note
-------+----------+-------------------------------------------
     0 | D:1      | Firecrotchwizard the Minotaur Berserker began the quest for the Orb.
     0 | D:1      | Reached XP level 1. HP: 19/19 MP: 0/0
   273 | D:1      | Reached XP level 2. HP: 26/27 MP: 1/1
   436 | D:1      | Reached skill level 4 in Axes
   878 | D:2      | Reached XP level 3. HP: 33/33 MP: 2/2
  1201 | D:2      | Found a hazy altar of Hepliaklqana.
  1240 | D:2      | Reached ** piety under Trog
  1244 | D:2      | Reached XP level 4. HP: 34/41 MP: 3/3
  1605 | D:2      | Found a runed door.
  1609 | D:2      | Noticed Crazy Yiuf
  1618 | D:2      | Killed Crazy Yiuf
  2103 | D:3      | Found an opulent altar of Gozag.
  2191 | D:3      | Reached XP level 5. HP: 35/47 MP: 4/4
  2683 | D:3      | Noticed a hand axe
  2683 | D:3      | Found a hide-covered altar of Uskayaw.
  2683 | D:3      | Noticed a dagger
  3059 | D:4      | Found Zin's Purification Station.
  3062 | D:4      | Found a glowing silver altar of Zin.
  3119 | D:4      | Reached skill level 5 in Axes
  3164 | D:4      | Reached skill level 5 in Fighting
  3173 | D:4      | Reached XP level 6. HP: 52/56 MP: 5/5
  3277 | D:4      | Found a basalt altar of Yredelemnul.
  3445 | D:4      | Found a blossoming altar of Fedhas.
  3498 | D:5      | Entered Level 5 of the Dungeon
  3529 | D:5      | Found a shadowy altar of Dithmenos.
  3564 | D:5      | Reached *** piety under Trog
  4011 | D:6      | Reached skill level 5 in Armour
  4015 | D:6      | Reached XP level 7. HP: 55/61 MP: 6/6
  4043 | D:6      | Found a staircase to the Ecumenical Temple.
  4099 | D:6      | Reached skill level 6 in Axes
  4389 | D:6      | Found a shattered altar of Ashenzari.
  4535 | D:6      | Reached skill level 5 in Dodging
  4674 | D:6      | Found a burning altar of Makhleb.
  4686 | D:6      | Received a gift from Trog
  4809 | D:7      | Noticed Pikel
  4833 | D:7      | Killed Pikel
  4833 | D:7      | Reached skill level 7 in Axes
  4833 | D:7      | Reached XP level 8. HP: 63/71 MP: 7/7
  4929 | D:7      | Found a stormy altar of Qazlal.
  4929 | D:7      | Found a sacrificial altar of Ru.
  4930 | D:7      | Found a snail-covered altar of Cheibriados.
  4990 | D:7      | Reached skill level 8 in Axes
  5468 | D:8      | Reached **** piety under Trog
  5494 | D:8      | Found a burning altar of Makhleb.
  5550 | D:8      | Reached XP level 9. HP: 70/79 MP: 8/8
  5603 | D:8      | Reached skill level 9 in Axes
  5934 | D:8      | Noticed a two-headed ogre
  5948 | D:8      | Killed a two-headed ogre
  6129 | D:8      | Reached skill level 10 in Axes
  6160 | D:8      | Reached skill level 1 in Throwing
  6235 | D:8      | Noticed a komodo dragon
  6241 | D:8      | You fall through a shaft for 3 floors!
  6241 | D:11     | Found a staircase to the Orcish Mines.
  6246 | D:11     | Noticed a cyclops
  6496 | D:11     | Killed a cyclops
  6496 | D:11     | Reached XP level 10. HP: 32/90 MP: 9/9
  6979 | D:10     | Entered Level 10 of the Dungeon
  6996 | D:10     | Noticed nebgrebaes's ghost (journeyman MfGl)
  7145 | D:9      | Reached skill level 11 in Axes
  7718 | D:9      | Received a gift from Trog
  7980 | D:9      | Reached ***** piety under Trog
  8816 | D:8      | Reached skill level 12 in Axes
  8825 | D:8      | Reached XP level 11. HP: 96/99 MP: 10/10
  8903 | D:8      | Found a staircase to the Lair.
  9095 | D:10     | Reached skill level 10 in Fighting
  9140 | D:10     | Killed nebgrebaes's ghost
  9145 | D:10     | Received a gift from Trog
  9261 | D:10     | Received a gift from Trog
  9656 | D:10     | Received a gift from Trog
  9707 | D:10     | Reached skill level 5 in Throwing
 10135 | Lair:1   | Entered Level 1 of the Lair of Beasts
 10135 | Lair:1   | Noticed Nergalle
 10156 | Lair:1   | Killed Nergalle
 10168 | Lair:1   | Noticed an eight-headed hydra
 10173 | Lair:1   | Killed an eight-headed hydra
 10173 | Lair:1   | Reached skill level 13 in Axes
 10173 | Lair:1   | Reached skill level 10 in Armour
 10290 | Lair:1   | Received a gift from Trog
 10707 | Lair:1   | Noticed Grum
 10720 | Lair:1   | Killed Grum
 11112 | Lair:1   | Found a blossoming altar of Fedhas.
 11233 | Lair:1   | Noticed Sonja
 11255 | Lair:1   | Killed Sonja
 11495 | Lair:2   | Received a gift from Trog
 11503 | Lair:2   | Noticed Fannar
 11526 | Lair:2   | Killed Fannar
 11526 | Lair:2   | Reached XP level 12. HP: 95/110 MP: 11/11
 11580 | Lair:2   | Found a staircase to the Swamp.
 11658 | Lair:2   | Reached skill level 14 in Axes
 11680 | Lair:2   | Noticed an eight-headed hydra
 11686 | Lair:2   | Killed a nine-headed hydra
 11968 | Lair:2   | Noticed Urug
 11977 | Lair:2   | Killed Urug
 12005 | Lair:2   | Reached skill level 10 in Dodging
 12907 | Lair:3   | Noticed an eight-headed hydra
 12913 | Lair:3   | Killed a nine-headed hydra
 13125 | Lair:3   | Found a hole to the Spider Nest.
 13954 | Lair:4   | Reached skill level 15 in Axes
 15552 | Lair:5   | Received a gift from Trog
 15555 | Lair:5   | Noticed a seven-headed hydra
 15561 | Lair:5   | Noticed an eight-headed hydra
 15569 | Lair:5   | HP: 3/112 [eight-headed hydra (8)]
 15569 | Lair:5   | HP: 1/112 [nine-headed hydra (1)]
 15569 | Lair:5   | Slain by an eight-headed hydra

Vault maps used:
D:1:      ncdulo_halloftheorcs
D:2:      nicolae_overflow_crystal_walls, first_bread, uniq_crazy_yiuf_cottage
D:3:      tgw_sif, dancing_weapons_uskayaw, lemuel_crystal_altar,
          minmay_bisected
D:4:      zin_purify, lemuel_round_altar, lemuel_round_altar,
          hangedman_abyss_or_decor_lesser_grid
D:5:      kennysheep_diamond, nicolae_dithmenos_the_darkroom
D:6:      kennysheep_mini, ashenzari_altar_1
D:7:      minitemple, uniq_pikel
D:8:      erik_lair_dragon, makhleb_heckhound_becter
D:9:      nicolae_lava_and_water
D:11:     david_orc_3, hangedman_pestilent_swarm
Lair:1:   basic_altar, uniq_nergalle, uniq_sonja, uniq_grum
Lair:2:   swamp_mist, infiniplex_staircase_pool, uniq_urug, uniq_fannar
Lair:3:   spider_nest_entry_web_field, minmay_hedge_maze, lemuel_fruit_fields
Lair:4:   beast_lair_carwin_10
Lair:5:   minmay_slime_entry_oklob_enclosed, lab_entry_generic,
          grunt_megastairs_4

Skill      XL: |  1  2  3  4  5  6  7  8  9 10 11 12 |
---------------+-------------------------------------+-----
Fighting       | 4 5 6 7 8 9 11 12 | 12.1
Axes           | 4 5 7 8 10 12 13 15 | 15.4
Armour         | 3 4 5 6 7 8 9 10 11 | 11.9
Dodging        | 3 4 5 6 7 8 9 10 | 10.8
Throwing       | 2 4 5 |  5.0

Action                   |  1- 3 |  4- 6 |  7- 9 | 10-12 || total
-------------------------+-------+-------+-------+-------++-------
Melee: Hand axe          |    68 |   137 |   256 |    47 ||   508
       Headbutt          |    10 |    29 |    69 |   174 ||   282
       Battleaxe         |       |       |       |   621 ||   621
       Executioner's axe |       |       |       |     8 ||     8
Throw: Javelin           |       |       |     2 |    20 ||    22
Invok: Berserk           |       |     1 |       |       ||     1
       Trog's Hand       |       |     1 |       |     6 ||     7
       Burn Spellbooks   |       |     1 |       |     3 ||     4
       Brothers in Arms  |       |       |       |     5 ||     5
  Use: Scroll            |       |    10 |     3 |     9 ||    22
       Potion            |       |       |       |     2 ||     2
 Stab: Sleeping          |     2 |     4 |       |       ||     6
  Eat: Chunk             |     1 |     9 |     8 |    27 ||    45
       Fruit             |       |       |     1 |     6 ||     7
       Meat ration       |       |       |       |     1 ||     1
Armor: Animal skin       |    18 |    30 |       |       ||    48
       Chain mail        |       |    25 |    72 |       ||    97
       Plate armour      |       |       |    60 |   460 ||   520
Dodge: Dodged            |    50 |    76 |   124 |   438 ||   688
